 Dungeon Crawl Stone Soup version 0.25-a0-365-g7600c65aa0 (webtiles) character file.

Game seed: 13294729788330447065, levelgen mode: deterministic

788 Napalmbreeze the Charmwright (level 7, -3/56 HPs)
             Began as a Gnoll Skald on Jan 5, 2020.
             Hit by a boomerang thrown by an orc warrior (15 damage)
             ... on level 8 of the Dungeon.
             The game lasted 00:07:55 (4675 turns).

Napalmbreeze the Charmwright (Gnoll Skald)          Turns: 4675, Time: 00:07:56

Health: -3/56      AC:  6    Str: 16    XL:     7   Next: 87%
Magic:  2/15       EV: 14    Int: 15    God:
Gold:   305        SH:  0    Dex: 14    Spells: 11/17 levels left

rFire    + . .     SeeInvis .   a - +0 spear
rCold    . . .     Gourm    .   (no shield)
rNeg     . . .     Faith    .   b - +0 leather armour
rPois    .         Spirit   .   (no helmet)
rElec    .         Reflect  .   (no cloak)
rCorr    .         Harm     .   (no gloves)
MR       .....                  l - +2 pair of boots
Stlth    ++........             (no amulet)
HPRegen  0.18/turn              f - ring of protection from fire
MPRegen  0.14/turn              (no ring)

@: singing
A: distributed training, fangs 1, strong nose
a: no special abilities


You were on level 8 of the Dungeon.
You were hungry.

You visited 1 branch of the dungeon, and saw 6 of its levels.

You collected 305 gold pieces.

Inventory:

Hand Weapons
 a - a +0 spear (weapon)
Armour
 b - a +0 leather armour (worn)
 l - a +2 pair of boots (worn)
Jewellery
 f - a ring of protection from fire (left hand)
Scrolls
 e - 2 scrolls of identify
 m - a scroll of random uselessness {unknown}
 n - 3 scrolls of amnesia
 p - a scroll of fear {unknown}
Potions
 c - a potion of agility
 g - a potion of flight
 i - a potion of heal wounds {unknown}
 o - 2 potions of haste {unknown}
Comestibles
 d - 6 rations
 h - 2 chunks of flesh


   Skills:
 + Level 5.3 Fighting
 + Level 2.7 Short Blades
 + Level 2.7 Long Blades
 + Level 2.7 Axes
 + Level 2.7 Maces & Flails
 + Level 5.3 Polearms
 + Level 2.7 Staves
 + Level 2.7 Slings
 + Level 2.7 Bows
 + Level 2.7 Crossbows
 + Level 2.7 Throwing
 + Level 3.8 Armour
 + Level 5.3 Dodging
 + Level 2.7 Stealth
 + Level 2.7 Shields
 + Level 2.7 Unarmed Combat
 + Level 5.7 Spellcasting
 + Level 2.2 Conjurations
 + Level 2.2 Hexes
 + Level 5.9 Charms
 + Level 2.2 Summonings
 + Level 2.2 Necromancy
 + Level 2.2 Translocations
 + Level 2.2 Transmutations
 + Level 2.2 Fire Magic
 + Level 2.2 Ice Magic
 + Level 2.2 Air Magic
 + Level 2.2 Earth Magic
 + Level 2.2 Poison Magic
 + Level 3.0 Invocations
 + Level 2.7 Evocations


You had 11 spell levels left.
You knew the following spells:

 Your Spells              Type           Power        Failure   Level  Hunger
a - Infusion              Chrm           ###.         1%          1    None
d - Song of Slaying       Chrm           ###.....     2%          2    #......
s - Spectral Weapon       Hex/Chrm       ###.....     10%         3    ###....

Your spell library contained the following spells:

 Spells                   Type           Power        Failure   Level  Hunger
 Shroud of Golubria       Chrm/Tloc      ###...       4%          2    #......
 Ozocubu's Armour         Chrm/Ice       ###.....     10%         3    ###....


Dungeon Overview and Level Annotations

Branches:
Dungeon (5/15)
 Temple: D:4-7

Altars:
Ru


Innate Abilities, Weirdness & Mutations

Your experience applies equally to all skills.
You have very sharp teeth.
Your uncanny sense of smell can sniff out nearby items.


Message History

Unknown command.
You hit the centaur.
The centaur is heavily wounded.
Your surroundings suddenly seem different.
An orc warrior comes into view. It is wielding a +0 scimitar.
The orc warrior shouts!
You hear a shout!
A giant cockroach comes into view.
The orc warrior throws a boomerang.
The boomerang hits you!
* * * LOW HITPOINT WARNING * * *
The weapon returns to the orc warrior!
Found 23 sling bullets, 14 bolts and 16 gold pieces.
You feel better.
You hear an angry hiss.
You hear a shout!
An orc comes into view. It is wielding a +0 falchion.
The giant cockroach closely misses you.
The orc warrior throws a boomerang.
The boomerang closely misses you.
The weapon returns to the orc warrior!
An iguana comes into view.
Some of the chunks of flesh in your inventory have rotted away.
The orc warrior throws a boomerang.
The boomerang hits you!
You die...

.......
.....(.
.......
.......
..o.... ∆
#...o##∆
#....#### ∆
##.....(#
##..s@.#
##....#
#......#
#.#......
∆.....##....
<.....#
#.$...
....l.##
###.# ......
..


You could see an orc warrior, an iguana, an orc and a giant cockroach.

Vanquished Creatures
  Menkaure (D:4)
  A black bear (D:8)
  4 wights (D:4)
  4 howler monkeys
  An orc wizard (D:4)
  A centaur skeleton (D:4)
  3 worker ants
  4 adders
  2 oozes
  3 worms
  2 leopard geckos
  6 orcs
  2 giant cockroaches
  2 goblins (D:3)
  8 hobgoblins
  15 jackals
  6 kobolds
  2 quokkas (D:2)
  A ball python (D:4)
  2 bats (D:2)
  4 frilled lizards
  5 rats
79 creatures vanquished.

Notes
Turn   | Place    | Note
-------+----------+-------------------------------------------
     0 | D:1      | Napalmbreeze the Gnoll Skald began the quest for the Orb.
     0 | D:1      | Reached XP level 1. HP: 20/20 MP: 6/6
   175 | D:1      | Reached XP level 2. HP: 19/26 MP: 7/7
   964 | D:2      | Reached XP level 3. HP: 31/31 MP: 9/9
  1066 | D:2      | Reached skill level 5 in Spellcasting
  1189 | D:2      | Learned a level 2 spell: Song of Slaying
  1258 | D:2      | Learned a level 3 spell: Spectral Weapon
  1265 | D:2      | Found a sacrificial altar of Ru.
  1279 | D:2      | Reached skill level 1 in Invocations
  1577 | D:2      | You fall into a shaft and drop 2 floors!
  1617 | D:4      | Reached skill level 1 in Short Blades
  1617 | D:4      | Reached skill level 1 in Long Blades
  1617 | D:4      | Reached skill level 1 in Axes
  1617 | D:4      | Reached skill level 1 in Maces & Flails
  1617 | D:4      | Reached skill level 1 in Staves
  1617 | D:4      | Reached skill level 1 in Slings
  1617 | D:4      | Reached skill level 1 in Bows
  1617 | D:4      | Reached skill level 1 in Crossbows
  1617 | D:4      | Reached skill level 1 in Throwing
  1617 | D:4      | Reached skill level 1 in Stealth
  1617 | D:4      | Reached skill level 1 in Shields
  1617 | D:4      | Reached skill level 1 in Unarmed Combat
  1617 | D:4      | Reached skill level 1 in Evocations
  1617 | D:4      | Reached XP level 4. HP: 32/38 MP: 9/11
  1622 | D:4      | Reached skill level 1 in Conjurations
  1622 | D:4      | Reached skill level 1 in Hexes
  1622 | D:4      | Reached skill level 1 in Summonings
  1622 | D:4      | Reached skill level 1 in Necromancy
  1622 | D:4      | Reached skill level 1 in Translocations
  1622 | D:4      | Reached skill level 1 in Transmutations
  1622 | D:4      | Reached skill level 1 in Fire Magic
  1622 | D:4      | Reached skill level 1 in Ice Magic
  1622 | D:4      | Reached skill level 1 in Air Magic
  1622 | D:4      | Reached skill level 1 in Earth Magic
  1622 | D:4      | Reached skill level 1 in Poison Magic
  1737 | D:4      | Reached XP level 5. HP: 34/43 MP: 2/12
  2299 | D:4      | Noticed Menkaure
  2316 | D:4      | Killed Menkaure
  2316 | D:4      | Reached XP level 6. HP: 47/50 MP: 5/14
  2525 | D:4      | Reached skill level 5 in Fighting
  2525 | D:4      | Reached skill level 5 in Polearms
  2525 | D:4      | Reached skill level 5 in Dodging
  2937 | D:2      | Reached XP level 7. HP: 56/56 MP: 11/15
  4378 | D:5      | Entered Level 5 of the Dungeon
  4639 | D:5      | You fall into a shaft and drop 3 floors!
  4675 | D:8      | Hit by a boomerang thrown by an orc warrior

Levels and vault maps discovered:
D:1:      minmay_arrival_cross, layout_loops_ring,
          chequers_serial_rivers_micro_e
D:2:      layout_loops_corners, nicolae_ru_sacrificial_ziggurat
D:3:      layout_loops_ring, first_ration
D:4:      layout_basic, uniq_menkaure
D:5:      kennysheep_slugbush, layout_basic, kennysheep_mini,
          portal_sewer_entry_a, mrwooster_statue_mirror
D:8:      layout_rooms, minmay_bent, uniq_prince_ribbit1

Skill      XL: |  1  2  3  4  5  6  7 |
---------------+----------------------+-----
Spellcasting   | 5 |  5.7
Invocations    | 1 2 3 |  3.0
Short Blades   | 1 2 |  2.7
Long Blades    | 1 2 |  2.7
Axes           | 1 2 |  2.7
Maces & Flails | 1 2 |  2.7
Staves         | 1 2 |  2.7
Slings         | 1 2 |  2.7
Bows           | 1 2 |  2.7
Crossbows      | 1 2 |  2.7
Throwing       | 1 2 |  2.7
Stealth        | 1 2 |  2.7
Shields        | 1 2 |  2.7
Unarmed Combat | 1 2 |  2.7
Evocations     | 1 2 |  2.7
Conjurations   | 1 2 |  2.2
Hexes          | 1 2 |  2.2
Summonings     | 1 2 |  2.2
Necromancy     | 1 2 |  2.2
Translocations | 1 2 |  2.2
Transmutations | 1 2 |  2.2
Fire Magic     | 1 2 |  2.2
Ice Magic      | 1 2 |  2.2
Air Magic      | 1 2 |  2.2
Earth Magic    | 1 2 |  2.2
Poison Magic   | 1 2 |  2.2
Armour         | 3 |  3.8
Fighting       | 5 |  5.3
Polearms       | 5 |  5.3
Dodging        | 5 |  5.3
Charms         | |  5.9

Action                   |  1- 3 |  4- 6 |  7- 9 || total
-------------------------+-------+-------+-------++-------
Melee: Spear             |    91 |    89 |   136 ||   316
       Bite              |    10 |    14 |     8 ||    32
       Punch             |     1 |       |     3 ||     4
 Cast: Spectral Weapon   |     1 |     7 |     8 ||    16
       Infusion          |     1 |     4 |     8 ||    13
       Song of Slaying   |     1 |     2 |     2 ||     5
  Use: Scroll            |       |     3 |     4 ||     7
       Potion            |       |     3 |     1 ||     4
 Stab: Sleeping          |     4 |       |     3 ||     7
  Eat: Chunk             |     2 |     2 |     5 ||     9
       Ration            |       |     1 |       ||     1
Armor: Leather armour    |    10 |    16 |    31 ||    57
Dodge: Dodged            |    37 |    54 |    67 ||   158

Table legend:
 A = Non-vault XP
 B = Vault XP
 C = Vault XP percentage of total XP
 D = Non-vault monster count
 E = Vault monster count
 F = Vault count percentage of total count
                 A         B        C        D         E       F
            +---------+---------+-------+---------+---------+-------
      Total |     957 |     169 |  15.0 |      78 |       1 |   1.3
            +---------+---------+-------+---------+---------+-------
        D:1 |      25 |       0 |   0.0 |      12 |       0 |   0.0
        D:2 |      78 |       0 |   0.0 |      24 |       0 |   0.0
        D:3 |      77 |       0 |   0.0 |      13 |       0 |   0.0
        D:4 |     430 |     169 |  28.2 |      18 |       1 |   5.3
        D:5 |      42 |       0 |   0.0 |       6 |       0 |   0.0
        D:8 |     305 |       0 |   0.0 |       5 |       0 |   0.0
            +---------+---------+-------+---------+---------+-------
